 Dungeon Crawl Stone Soup version 0.28.0-53-g5a82cb258f (webtiles) character file.

Game seed: 899046137278243265

2650 notso the Shield-Bearer (level 9, 0/103 HPs)
             Began as a Formicid Fighter on June 17, 2022.
             Was a Follower of Makhleb.
             Succumbed to a killer bee's poison
             ... on level 7 of the Dungeon.
             The game lasted 00:16:37 (7969 turns).

notso the Shield-Bearer (Formicid Fighter)          Turns: 7969, Time: 00:16:37

Health: 0/103      AC: 24    Str: 34    XL:     9   Next: 93%
Magic:  13/14      EV:  2    Int:  5    God:    Makhleb [*.....]
Gold:   326        SH: 10    Dex: 12    Spells: 8/8 levels left

rFire   . . .      SeeInvis .   I - +0 battleaxe
rCold   . . .      Faith    .   c - +0 buckler
rNeg    . . .      Spirit   .   (armour currently unavailable)
rPois   +          Reflect  +   (helmet unavailable)
rElec   .          Harm     .   (cloak currently unavailable)
rCorr   .          Rampage  .   (gloves currently unavailable)
Will    .....                   (boots currently unavailable)
Stlth   ++........              F - amulet "Wots" {Reflect Will- Str+10 Int-2 SH+5 Stlth+}
HPRegen 0.27/turn               (no ring)
MPRegen 0.14/turn               (no ring)

@: lethally poisoned (0 -> -6), tree-form
A: stationary, stasis, torment immunity, boosted hp, permanent stasis, dig
shafts and tunnels, (antennae 3), four strong arms
a: Renounce Religion


You were on level 7 of the Dungeon.
You worshipped Makhleb.
Makhleb was aware of your devotion.
You were a tree.
You visited 2 branches of the dungeon, and saw 8 of its levels.

You collected 326 gold pieces.

Inventory:

Hand Weapons
 a - a +0 war axe
 f - a +3 flail of protection
 y - a +0 hand axe of flaming
 I - a +0 battleaxe (weapon)
Missiles
 h - 4 atropa-tipped darts
 i - 271 stones (quivered)
 r - 12 poisoned darts
 z - 3 boomerangs
Armour
 c - a +0 buckler (worn)
 l - a +0 pair of boots (melded)
 p - a +0 chain mail (melded)
 q - a +0 cloak (melded)
Magical Staves
 H - a staff of poison
Jewellery
 B - a ring of ice
 F - the amulet "Wots" (around neck) {Reflect Will- Str+10 Int-2 SH+5 Stlth+}
   (You found it on level 6 of the Dungeon)

   [amulet of reflection]

   It reflects blocked missile attacks.
   Str:       It affects your strength (+10).
   Int:       It affects your intelligence (-2).
   SH:        It affects your SH (+5).
   Will:      It decreases your willpower.
   Stlth:     It makes you more stealthy.
Wands
 m - a wand of paralysis (6)
 t - a wand of flame (38)
 D - a wand of iceblast (7)
Scrolls
 g - a scroll of amnesia {unknown}
 j - a scroll of fog
 n - 2 scrolls of teleportation {unknown}
 o - a scroll of brand weapon {unknown}
 v - a scroll of enchant armour {unknown}
 w - 2 scrolls of magic mapping {unknown}
 C - a scroll of blinking {unknown}
 G - a scroll of immolation {unknown}
Potions
 d - 2 potions of might
 e - 2 potions of magic
 s - 3 potions of cancellation
 u - 2 potions of lignification
 x - a potion of attraction {unknown}
 A - a potion of brilliance {unknown}
 E - a potion of curing {unknown}


   Skills:
 - Level 6.0 Fighting
 - Level 5.0 Axes
 - Level 3.0 Throwing
 - Level 6.0 Armour
 - Level 7.0 Shields
 + Level 6.8 Invocations
 - Level 6.0 Evocations


You had 8 spell levels left.
You didn't know any spells.
Your spell library contained the following spells:

 Spells                   Type           Power      Damage    Failure   Level
 Ensorcelled Hibernation  Hex/Ice        0%         N/A       67%         2
 Spider Form              Tmut/Pois      0%         N/A       88%         3
 Anguish                  Hex/Necr       0%         N/A       99%         4


Dungeon Overview and Level Annotations

Branches:
Dungeon (7/15)             Temple (1/1) D:5

Altars:
Cheibriados
Dithmenos
Elyvilon
Fedhas
Gozag
Hepliaklqana
Kikubaaqudgha
Makhleb
Okawaru
Qazlal
Sif Muna
Uskayaw
Vehumet
Wu Jian
Xom
Yredelemnul
Zin
The Shining One
Beogh

Shops:
D:3 [(   D:7 ?

Annotations:
D:5 2 transporters, wreck's ghost, amateur DsAK


Innate Abilities, Weirdness & Mutations

You are a tree.
Your roots penetrate the ground, keeping you stationary.
You cannot be teleported.
You are immune to unholy pain and torment.
Your maximum health is greatly increased.
Your equipment is partially melded.
You cannot be hasted, slowed, berserked, paralysed or teleported.
You can dig through walls and to a lower floor.
((You have a pair of large antennae on your head. (SInv)))
Your four strong arms can wield two-handed weapons with a shield.


Message History

The killer bee poisons you! The killer bee stings you.
* * * LOW HITPOINT WARNING * * *
You miss the killer bee. You barely miss the killer bee.
You slash the killer bee!
You kill the killer bee!
Makhleb accepts your kill.
You closely miss the killer bee zombie. You closely miss the killer bee.
You feel very sick. The killer bee stings you.
* * * LOW HITPOINT WARNING * * *
The killer bee stings you but does no damage.
The killer bee zombie hits you but does no damage.
The killer bee stings you but does no damage. x4
You block the killer bee zombie's attack.
The killer bee stings you.
* * * LOW HITPOINT WARNING * * *
You block the killer bee's attack.
The killer bee stings you but does no damage.
You block the killer bee's attack.
You closely miss the killer bee. x2; You barely miss the killer bee zombie.
You barely miss the killer bee. You hit the killer bee.
* * * LOW HITPOINT WARNING * * *
You feel very sick.
The killer bee stings you but does no damage.
The killer bee stings you.
* * * LOW HITPOINT WARNING * * *
You block the killer bee zombie's attack.
You block the killer bee's attack.
The killer bee stings you but does no damage. x2
The killer bee zombie hits you but does no damage.
You block the killer bee's attack. x3
The killer bee stings you but does no damage.
The killer bee zombie hits you.
* * * LOW HITPOINT WARNING * * *
The killer bee stings you but does no damage.
The killer bee stings you.
* * * LOW HITPOINT WARNING * * *
It was a potion of haste.
Your stasis prevents you from being hasted.
You die...

......# #####.....#
#...#.....####+####
#...+.............#
#...#.............#
#...#.............#
##..Z#.............#
#PP.y♣y............#
#..(yy#+###........###
#......# #...........
..#.P...# #...........
.§.....PP #........[..
P.._..§.. #...........
...P§.... #...........
..........
#########...
#.......'...


You could see 4 killer bees and a killer bee zombie.

Vanquished Creatures
  Sigmund (D:6)
  A steam dragon (D:6)
  Menkaure (D:6)
  3 water moccasins (D:5)
  An ice beast (D:5)
  A sky beast (D:7)
  A black bear (D:5)
  2 ogres
  2 centaurs
  2 phantoms
  A kobold brigand (D:7)
  Blork the orc (D:6)
  3 scorpions
  A water moccasin zombie (D:6)
  A water moccasin skeleton (D:5)
  2 killer bees (D:7)
  A howler monkey (D:6)
  A bullfrog zombie (D:3)
  2 orc priests
  A bullfrog skeleton (D:4)
  2 centaur skeletons (D:4)
  Ijyb (D:3)
  Terence (D:3)
  3 orc wizards
  2 iguanas
  A hound skeleton (D:4)
  A howler monkey zombie (D:6)
  6 gnolls (D:4)
  12 adders
  An ufetubus (D:5)
  2 adder skeletons (D:4)
  5 dart slugs
  12 orcs
  12 bats
  6 endoplasms
  4 giant cockroaches
  10 goblins
  9 hobgoblins
  8 jackals
  5 quokkas
  7 ball pythons
  A frilled lizard (D:2)
  10 kobolds
  4 rats
154 creatures vanquished.

Vanquished Creatures (others)
  3 plants
  7 withered plants (D:3)
10 creatures vanquished.

Grand Total: 164 creatures vanquished

Notes
Turn   | Place    | Note
-------+----------+-------------------------------------------
     0 | D:1      | notso the Formicid Fighter began the quest for the Orb.
     0 | D:1      | Reached XP level 1. HP: 18/18 MP: 1/1
    93 | D:1      | Reached XP level 2. HP: 20/24 MP: 2/2
   406 | D:1      | Reached skill level 4 in Shields
   406 | D:1      | Reached XP level 3. HP: 17/29 MP: 3/3
  1154 | D:2      | Reached XP level 4. HP: 31/37 MP: 4/4
  1233 | D:2      | Found a stormy altar of Qazlal.
  1899 | D:3      | Found Gesizo's Weapon Shoppe.
  2034 | D:3      | Reached XP level 5. HP: 24/42 MP: 5/5
  2249 | D:3      | Noticed Terence
  2260 | D:3      | Killed Terence
  2457 | D:3      | Noticed Ijyb
  2486 | D:3      | Killed Ijyb
  2487 | D:3      | Reached XP level 6. HP: 20/49 MP: 6/6
  2681 | D:3      | Found an ancient bone altar of Kikubaaqudgha.
  3054 | D:3      | Found Fostavuf's Antique Armour Shop.
  3215 | D:4      | Reached skill level 5 in Shields
  3461 | D:4      | Reached skill level 1 in Throwing
  3733 | D:4      | Noticed an ogre
  3756 | D:4      | Killed an ogre
  3757 | D:4      | Reached XP level 7. HP: 55/55 MP: 7/7
  3812 | D:4      | Reached skill level 5 in Fighting
  3865 | D:4      | Reached skill level 5 in Armour
  4896 | D:5      | Entered Level 5 of the Dungeon
  4941 | D:5      | Noticed a water moccasin
  4976 | D:5      | Reached skill level 6 in Shields
  4976 | D:5      | Reached XP level 8. HP: 21/63 MP: 8/8
  5232 | D:5      | Found a transporter.
  5236 | D:5      | Found a transporter.
  5238 | D:5      | Noticed wreck's ghost (amateur DsAK)
  5828 | D:5      | Found a staircase to the Ecumenical Temple.
  5845 | Temple   | Entered the Ecumenical Temple
  5908 | Temple   | Became a worshipper of Makhleb the Destroyer
  5946 | D:5      | Reached skill level 5 in Axes
  6037 | D:5      | Reached skill level 7 in Shields
  6037 | D:5      | Reached skill level 1 in Invocations
  6037 | D:5      | Reached skill level 1 in Evocations
  6152 | D:5      | Reached XP level 9. HP: 48/69 MP: 10/10
  6345 | D:5      | Found an opulent altar of Gozag.
  6389 | D:5      | Found a shimmering blue altar of Sif Muna.
  6501 | D:6      | Identified the amulet "Wots" {Reflect Will- Str+10 Int-2
                  | SH+5 Stlth+}
  6511 | D:6      | Noticed Sigmund
  6526 | D:6      | Killed Sigmund
  6616 | D:6      | Found a snail-covered altar of Cheibriados.
  6616 | D:6      | Noticed Menkaure
  6622 | D:6      | Noticed Blork the orc
  6909 | D:5      | Reached skill level 5 in Invocations
  7176 | D:6      | Killed Blork the orc
  7380 | D:6      | Reached skill level 5 in Evocations
  7573 | D:6      | Killed Menkaure
  7781 | D:7      | Reached * piety under Makhleb
  7900 | D:7      | Found Feafod's Magic Scroll Emporium.
  7958 | D:7      | Found a hazy altar of Hepliaklqana.
  7968 | D:7      | HP: 1/103 [killer bee (5)]
  7969 | D:7      | Succumbed to a killer bee's poison

Illustrated notes

Levels and vault maps discovered:
D:1:      lordsloth_arrival_two_stooges, layout_basic, chequers_mini_garden,
          minmay_tromino_v7
D:2:      layout_rooms, basic_altar, chequers_serial_rivers_large_b,
          guppyfry_early_lair_pool
D:3:      layout_loops_corners, kiku_gazebo_garden_becter, serial_shops,
          nicolae_shop_behind_doors, shop, uniq_terence, uniq_ijyb
D:4:      minmay_angry_zag, layout_gridville, kennysheep_path_1,
          kennysheep_orc_chapel
D:5:      layout_basic, mainiacjoe_overflow_big_doors,
          minmay_temple_entry_gardened_gates, gammafunk_ghost_hive,
          mrwooster_statue_mirror
D:6:      layout_cave_pools, lemuel_round_altar, hangedman_glass_garden,
          uniq_sigmund, uniq_menkaure, uniq_blork_the_orc
D:7:      layout_gridville, grunt_temple_overflow_open,
          nicolae_hepliaklqana_hazy_memory, serial_shops,
          nicolae_shop_hallway_plus, worms_lemuel
Temple:   nicolae_temple_god_jail

Skill      XL: |  1  2  3  4  5  6  7  8  9 |
---------------+----------------------------+-----
Shields        | 4 5 6 7 |  7.0
Fighting       | 4 5 6 |  6.0
Armour         | 4 5 6 |  6.0
Axes           | 3 4 5 |  5.0
Throwing       | 1 2 3 |  3.0
Invocations    | 2 6 |  6.8
Evocations     | 2 6 |  6.0

Action                   |  1- 3 |  4- 6 |  7- 9 || total
-------------------------+-------+-------+-------++-------
Melee: War axe           |    75 |   167 |   287 ||   529
       Battleaxe         |       |       |    13 ||    13
Throw: Stone             |       |    19 |    38 ||    57
Evoke: Wand              |       |     2 |     1 ||     3
  Use: Scroll            |       |       |     4 ||     4
       Potion            |       |       |     2 ||     2
 Stab: Paralysed         |       |     5 |       ||     5
Armor: Scale mail        |    56 |    24 |       ||    80
       Chain mail        |       |    76 |   199 ||   275
       Skin              |       |       |    18 ||    18
Dodge: Dodged            |    51 |    63 |   127 ||   241
Block: Buckler           |    17 |    47 |   134 ||   198
       Reflection        |       |       |     2 ||     2
